 Dungeon Crawl Stone Soup version 0.27.0-1-g7a089689b8 (webtiles) character file.

Game seed: 10689817479316304311

51 H0rd4k the Caller (level 3, -3/24 HPs)
             Began as a Barachi Summoner on Aug 6, 2021.
             Slain by an adder (5 damage)
             ... on level 3 of the Dungeon.
             The game lasted 00:04:37 (3670 turns).

H0rd4k the Caller (Barachi Summoner)                Turns: 3670, Time: 00:04:37

Health: -3/24      AC:  2    Str:  9    XL:     3   Next: 81%
Magic:  1/7        EV: 12    Int: 16    God:
Gold:   28         SH:  0    Dex: 12    Spells: 4/8 levels left

rFire    . . .     SeeInvis .   (no weapon)
rCold    . . .     Faith    .   (no shield)
rNeg     . . .     Spirit   .   a - +0 robe
rPois    .         Reflect  .   (no helmet)
rElec    .         Harm     .   (no cloak)
rCorr    .         Rampage  .   (no gloves)
Will     .....                  (no boots)
Stlth    ++........             (no amulet)
HPRegen  0.08/turn              (no ring)
MPRegen  0.10/turn              (no ring)

@: brilliant, unable to hop, flying, slow
A: amphibious, slowness 1, strong legs 1, +LOS
a: Hop


You were on level 3 of the Dungeon.
You visited 1 branch of the dungeon, and saw 3 of its levels.

You collected 28 gold pieces.

Inventory:

Armour
 a - a +0 robe (worn)
Jewellery
 f - a ring of resist corrosion
 g - a ring of protection from cold
Scrolls
 b - a scroll of torment {unknown}
 c - 2 scrolls of teleportation {unknown}
Potions
 e - a potion of brilliance
 h - a potion of heal wounds {unknown}


   Skills:
 + Level 2.1 Dodging
 - Level 1.7 Stealth
 * Level 3.1 Spellcasting
 * Level 5.9 Summonings


You had 4 spell levels left.
You knew the following spells:

 Your Spells              Type           Power      Damage    Failure   Level
a - Summon Small Mammal   Summ           100%       N/A       1%          1
b - Call Canine Familiar  Summ           32%        N/A       4%          3

Your spell library contained the following spells:

 Spells                   Type           Power      Damage    Failure   Level
 Call Imp                 Summ           32%        N/A       2%          2
 Summon Guardian Golem    Hex/Summ       17%        N/A       17%         3
 Summon Lightning Spire   Summ/Air       17%        N/A       50%         4


Dungeon Overview and Level Annotations

Branches:
Dungeon (3/15)

Altars:
Fedhas

Annotations:
D:2 Natasha
D:3 Robin


Innate Abilities, Weirdness & Mutations

You are amphibious.
You cover ground slowly.
You can hop short distances.
You have an extended range of vision and can be seen from far away.


Message History

Confirm with . or Enter, or press ? or * to list all spells.
Your quokka misses the adder. You miss the adder.
The adder is severely wounded.
Robin throws the goblin at you! The adder completely misses you.
Your quokka misses the adder. The goblin hits you with a +0 club.
The goblin hits your quokka with a +0 dagger.
Unknown command.
Your quokka bites the adder.
The goblin hits your quokka but does no damage.
Your quokka bites the goblin.
The goblin dies!
The adder barely misses you.
Unknown command.
Your quokka closely misses the adder.
The goblin shoots a stone.
The stone closely misses your quokka. The stone barely misses your quokka.
The stone hits you.
Your quokka barely misses the adder.
The goblin no longer looks unusually strong.
The adder bites you.
* * * LOW HITPOINT WARNING * * *
Unknown command.
Hop to where?
Press: ? - help, Dir - move target Boing!
Casting: Summon Small Mammal (safe; 1% risk of failure)
Confirm with . or Enter, or press ? or * to list all spells.
The goblin shoots a stone.
The stone closely misses your quokka.
The stone closely misses the adder.
The stone barely misses you.
Your rat misses the adder. The adder bites you.
* * * LOW HITPOINT WARNING * * *
Unknown command.
Your quokka completely misses the adder.
It was a potion of brilliance.
You feel clever all of a sudden. The adder closely misses you.
Your rat bites the adder.
Your quokka closely misses the adder.
It was a potion of flight.
You feel very buoyant.
You fly up into the air.
The adder bites you.
You die...

#....# #........
#....##########........
#....#..........<......
##.###................. #.#
#................. ##.#
#................. #..#
#.................
#.####.........#.###### ####
#.###.@###.##.(.......#
.....#####...rS###..##.........#
#........rr.#...............#
#........g.......#..........#
.....###....##g.................
### #..g##..g.................
.#######..........(÷)............
.........#rr.........÷...........
.....##..................########


You could see an adder (ally target), 4 goblins, 2 friendly quokkas and a
friendly rat (summoned).

Vanquished Creatures (collateral kills)
  3 adders
  3 worms (D:2)
  An orc (D:3)
  8 ball pythons
  4 endoplasms
  A giant cockroach (D:1)
  7 goblins
  4 hobgoblins
  5 kobolds
  A quokka (D:2)
  5 bats
  3 frilled lizards
  3 rats
48 creatures vanquished.

Vanquished Creatures (others)
  A fungus (D:2)
  7 plants (D:2)
8 creatures vanquished.

Grand Total: 56 creatures vanquished

Notes
Turn   | Place    | Note
-------+----------+-------------------------------------------
     0 | D:1      | H0rd4k the Barachi Summoner began the quest for the Orb.
     0 | D:1      | Reached XP level 1. HP: 13/13 MP: 3/3
   171 | D:1      | Reached skill level 5 in Summonings
   677 | D:1      | Reached XP level 2. HP: 19/19 MP: 0/5
  1576 | D:2      | Noticed Natasha
  1865 | D:2      | Reached XP level 3. HP: 24/24 MP: 1/6
  1869 | D:2      | Learned a level 3 spell: Call Canine Familiar
  1974 | D:2      | Found a blossoming altar of Fedhas.
  2239 | D:2      | Found a faded altar of an unknown god.
  3658 | D:3      | Noticed Robin
  3670 | D:3      | Slain by an adder

Illustrated notes

Levels and vault maps discovered:
D:1:      minmay_arrival_loop, layout_loops_corners, minmay_unequal
D:2:      layout_basic, shapermc_ecumenical_altar_mp_urbaneastern, basic_altar,
          dk_vineyard_2, uniq_natasha
D:3:      layout_rooms, uniq_robin

Skill      XL: |  1  2  3 |
---------------+----------+-----
Summonings     | 5 |  5.9
Spellcasting   | 3 |  3.1
Dodging        | |  2.1
Stealth        | |  1.7

Action                   || total
-------------------------++-------
Melee: Unarmed           ||     5
 Cast: Summon Small Mamm ||   142
       Call Canine Famil ||     3
 Abil: Hop               ||     1
  Use: Potion            ||     2
Armor: Robe              ||    15
Dodge: Dodged            ||    55
